 Dungeon Crawl Stone Soup version 0.27-a0-109-g416527ed24 (webtiles) character file.

Game seed: 5643428706958059367

4133 PentaManta the Grappler (level 10, -5/92 HPs)
             Began as a Troll Abyssal Knight on Jan 24, 2021.
             Was an Elder of Lugonu.
             Shot with a bolt by an orc warrior (22 damage)
             ... in a bailey.
             The game lasted 00:17:11 (6378 turns).

PentaManta the Grappler (Troll Abyssal Knight)      Turns: 6378, Time: 00:17:12

Health: -5/92      AC:  9    Str: 31    XL:     10   Next: 6%
Magic:  12/13      EV: 11    Int:  8    God:    Lugonu [****..]
Gold:   122        SH:  0    Dex:  9    Spells: 9/9 levels left

rFire    . . .     SeeInvis .     - Unarmed
rCold    . . .     Faith    .   (no shield)
rNeg     . . .     Spirit   .   v - +0 steam dragon scales
rPois    .         Reflect  .   (helmet restricted)
rElec    .         Harm     .   (no cloak)
rCorr    +         Rampage  .   (gloves unavailable)
Will     .....                  (boots unavailable)
Stlth    +.........             c - amulet of regeneration
HPRegen  1.05/turn              i - ring of resist corrosion
MPRegen  0.13/turn              m - +6 ring of strength

@: no status effects
A: large, unfitting armour, claws 3, regeneration 1, shaggy fur 1, tough skin 3
a: Renounce Religion, Depart the Abyss, Bend Space, Banish, Corrupt


You were in a bailey.
You worshipped Lugonu.
Lugonu was greatly pleased with you.
You visited 1 branch of the dungeon, and saw 7 of its levels.
You visited the Abyss 1 time.
You also visited: Bailey.

You collected 391 gold pieces.
You spent 269 gold pieces at shops.

Inventory:

Missiles
 a - 6 boomerangs
 b - 30 poisoned darts
Armour
 r - a +1 animal skin
 v - +0 steam dragon scales (worn)
 F - a +1 robe of cold resistance
Jewellery
 c - an amulet of regeneration (around neck)
 e - a cursed ring of attention {unknown}
 g - an uncursed amulet of guardian spirit {unknown}
 i - a ring of resist corrosion (left claw)
 j - an uncursed amulet of reflection {unknown}
 m - a +6 ring of strength (right claw)
 z - an uncursed amulet of guardian spirit {unknown}
 A - an uncursed amulet of magic regeneration {unknown}
 G - an uncursed ring of fire {unknown}
Wands
 q - a wand of random effects (18)
 D - a wand of acid (12)
 I - a wand of digging (6)
Scrolls
 f - a scroll of magic mapping
 n - 5 scrolls of remove curse
 t - a scroll of fear
 y - a scroll of amnesia
 B - a scroll of enchant armour
 E - a scroll of enchant weapon
 H - a scroll of fog
Potions
 d - 4 potions of lignification
 h - 3 potions of cancellation
 k - a potion of mutation {unknown}
 l - 4 potions of heal wounds
 o - 2 potions of might {unknown}
 p - 3 potions of brilliance {unknown}
 s - a potion of flight
 u - 3 potions of curing {unknown}
 w - a potion of attraction {unknown}
 x - 2 potions of berserk rage {unknown}
 C - a potion of degeneration {unknown}


   Skills:
 + Level 4.1 Fighting
 + Level 3.8 Dodging
 - Level 12.0 Unarmed Combat
 * Level 5.4 Invocations


You had 9 spell levels left.
You didn't know any spells.
Your spell library was empty.

Dungeon Overview and Level Annotations

Branches:
Dungeon (7/15)             Temple (0/1) D:7          Bailey (1/1)

Altars:
Ashenzari
Cheibriados
Gozag
Kikubaaqudgha
Makhleb
Okawaru
Trog
Wu Jian
Xom
Yredelemnul
Zin
The Shining One

Shops:
D:5 (***[   D:7 *:!*

Portals:
Abyss: D:7

Annotations:
D:7 1 transporter, Phantomfrettchen's ghost, novice DsCK


Innate Abilities, Weirdness & Mutations

You are too large for most types of armour.
You have claws for hands.
Your natural rate of healing is unusually fast.
You are covered in fur. (AC +1)
You have extremely tough skin. (AC +3)


Message History

An orc is nearby!
The orc shoots a bolt.
The bolt hits you!
The orc warrior shoots a bolt.
The bolt hits you!
* * * LOW HITPOINT WARNING * * *
You see here 2 bolts.
Really walk into that permanent teleport trap?
You enter a permanent teleport trap!
Your surroundings suddenly seem different.
An orc and an orc warrior come into view.
The orc warrior shouts!
You hear a shout!
The orc shouts!
An orc warrior comes into view. It is wielding a +0 arbalest.
Okay, then.
Space bends around you!
You blink.
The orc warrior shoots a bolt.
The bolt closely misses you.
Unknown command.
Okay, then.
The orc disappears! x2
The orc warrior shoots a bolt.
The bolt closely misses you.
The orc warrior shoots a bolt.
The bolt hits you!!
You die...

........#
.........#
..........#
...........#
.............#
.............#
.............#
............@#
............(#
≈≈≈≈.......#
.#≈≈......#
##≈......#
≈..§oo≈......#
≈##.##≈......#
# #≈≈......#
≈≈≈.......#


You could see an orc warrior.

Vanquished Creatures
  Pikel (D:7)
  Maggie (D:6)
  A wyvern (D:6)
  Menkaure (D:5)
  Duvessa (D:5)
  4 orc warriors
  A phantom (D:4)
  2 ice beasts (D:6)
  5 ogres
  5 centaurs
  5 bullfrogs
  Dowan (D:5)
  2 scorpions
  A howler monkey (D:4)
  A jelly (D:6)
  A gnoll shaman (D:6)
  4 hounds
  8 orc wizards
  Jessica (D:3)
  An iguana (D:4)
  9 worker ants
  A worker ant zombie (D:3)
  Robin (D:3)
  6 gnolls
  14 adders
  A white imp (D:4)
  An ufetubus (D:5)
  An ooze (D:2)
  3 adder skeletons
  3 worms
  A dart slug (D:3)
  4 leopard geckos
  35 orcs
  2 ball pythons
  6 bats
  7 giant cockroaches
  16 goblins
  20 hobgoblins
  6 jackals (D:6)
  3 quokkas
  6 frilled lizards
  10 kobolds
  4 rats
207 creatures vanquished.

Vanquished Creatures (others)
  A jackal skeleton (D:7)
  2 plants (D:5)
  2 starspawn tentacles (Abyss:1)
5 creatures vanquished.

Grand Total: 212 creatures vanquished

Notes
Turn   | Place    | Note
-------+----------+-------------------------------------------
     0 | Abyss:1  | PentaManta the Troll Abyssal Knight began the quest for the
                  | Orb.
     0 | Abyss:1  | Reached XP level 1. HP: 22/22 MP: 1/1
    23 | Abyss:1  | Noticed a tentacled starspawn
    43 | Abyss:1  | Noticed a wretched star
    46 | Abyss:1  | Noticed a thrashing horror
    49 | D:1      | Escaped the Abyss
   172 | D:1      | Reached * piety under Lugonu
   173 | D:1      | Reached XP level 2. HP: 29/29 MP: 2/2
   196 | D:1      | Reached skill level 3 in Unarmed Combat
   985 | D:2      | Reached XP level 3. HP: 29/36 MP: 3/3
  1181 | D:2      | Found an opulent altar of Gozag.
  1197 | D:2      | Reached skill level 4 in Unarmed Combat
  2008 | D:3      | Reached XP level 4. HP: 26/44 MP: 4/4
  2044 | D:3      | Reached ** piety under Lugonu
  2049 | D:3      | Noticed Robin
  2072 | D:3      | Reached skill level 5 in Unarmed Combat
  2074 | D:3      | Killed Robin
  2170 | D:3      | Reached XP level 5. HP: 50/50 MP: 5/5
  2381 | D:3      | Reached skill level 6 in Unarmed Combat
  2426 | D:3      | Reached *** piety under Lugonu
  2435 | D:3      | Reached XP level 6. HP: 43/59 MP: 6/6
  2632 | D:3      | Noticed Jessica
  2634 | D:3      | Killed Jessica
  2635 | D:3      | Reached skill level 7 in Unarmed Combat
  3105 | D:4      | Reached XP level 7. HP: 65/66 MP: 7/7
  3175 | D:4      | Found a glowing golden altar of the Shining One.
  3179 | D:4      | Reached skill level 8 in Unarmed Combat
  3533 | D:4      | Found a glowing silver altar of Zin.
  3653 | D:5      | Entered Level 5 of the Dungeon
  3680 | D:5      | Found Toxutig's Armour Boutique.
  3695 | D:5      | Found Hojur's Assorted Antiques.
  3727 | D:5      | Bought a scroll labelled DIQERI KASOROB for 25 gold pieces
  3727 | D:5      | Bought a scroll labelled HAAJOA KALYSIO for 25 gold pieces
  3727 | D:5      | Bought an inky potion for 22 gold pieces
  3727 | D:5      | Bought a scroll labelled CADICWOARE for 25 gold pieces
  3727 | D:5      | Bought a scroll labelled GOECHAEKOCH for 25 gold pieces
  3727 | D:5      | Bought a scroll labelled GOECHAEKOCH for 25 gold pieces
  3727 | D:5      | Bought a silvery potion for 22 gold pieces
  3738 | D:5      | Reached skill level 9 in Unarmed Combat
  3779 | D:5      | Found Toraim's Assorted Antiques.
  3782 | D:5      | Bought a scroll labelled ZIRONAQOPA for 20 gold pieces
  3782 | D:5      | Bought a scroll of identify for 40 gold pieces
  3782 | D:5      | Bought a sapphire potion for 18 gold pieces
  3807 | D:5      | Noticed Menkaure
  3816 | D:5      | Killed Menkaure
  3817 | D:5      | Reached XP level 8. HP: 23/74 MP: 8/8
  3886 | D:5      | Found a basalt altar of Yredelemnul.
  3887 | D:5      | Found Onkebo's Antique Weapon Shoppe.
  3914 | D:5      | Found an ancient bone altar of Kikubaaqudgha.
  3914 | D:5      | Found an iron altar of Okawaru.
  3914 | D:5      | Found a broken altar of Ashenzari.
  3915 | D:5      | Found a shimmering altar of Xom.
  3915 | D:5      | Found a bloodstained altar of Trog.
  3917 | D:5      | Found a snail-covered altar of Cheibriados.
  4022 | D:5      | Found a burning altar of Makhleb.
  4075 | D:5      | Noticed Duvessa
  4078 | D:5      | Noticed Dowan
  4083 | D:5      | Killed Duvessa
  4084 | D:5      | Reached skill level 10 in Unarmed Combat
  4091 | D:5      | Killed Dowan
  4244 | D:5      | Bought a coppery potion for 22 gold pieces
  4452 | D:5      | Found Bepnog's Assorted Antiques.
  4744 | D:6      | Noticed Maggie
  4755 | D:6      | Killed Maggie
  4756 | D:6      | Reached skill level 11 in Unarmed Combat
  4838 | D:6      | Reached **** piety under Lugonu
  4931 | D:6      | Found an ornate altar of the Wu Jian Council.
  5150 | D:6      | Reached XP level 9. HP: 74/80 MP: 9/9
  5979 | D:7      | Noticed a +0 hand axe
  5979 | D:7      | Noticed a +0 dagger
  5988 | D:7      | Noticed Pikel
  5997 | D:7      | Killed Pikel
  5998 | D:7      | Reached skill level 12 in Unarmed Combat
  6037 | D:7      | Found Peuh Int's General Store.
  6056 | D:7      | Found a transporter.
  6066 | D:7      | Found a one-way gate to the infinite horrors of the Abyss.
  6066 | D:7      | Noticed Phantomfrettchen's ghost (novice DsCK)
  6094 | D:7      | Found Lifeu's Distillery.
  6097 | D:7      | Found Larcheomo's Book Boutique.
  6128 | D:7      | Found Buluhua's Assorted Antiques.
  6136 | D:7      | Reached skill level 5 in Invocations
  6182 | D:7      | Reached XP level 10. HP: 90/92 MP: 12/12
  6190 | D:7      | Found a flagged portal.
  6212 | Bailey   | Entered a bailey
  6378 | Bailey   | Shot with a bolt by an orc warrior

Illustrated notes

Levels and vault maps discovered:
D:1:      dpeg_arrival_another_circle, layout_basic
D:2:      minmay_kobold_bridge, layout_basic,
          nicolae_gozag_cash_rules_everything_around_me
D:3:      layout_basic, minmay_fractal_squares_diagonal_5, uniq_robin,
          uniq_jessica
D:4:      layout_basic, general_overflow_altar, lemuel_doored_altar
D:5:      layout_layer_cave, yredelemnul_altar_generic,
          grunt_temple_overflow_open, serial_shops, shop, shop,
          kennysheep_mini_moat, nicolae_shop_overgrown_old_shop, shop,
          bloody_makhleb, uniq_menkaure, uniq_duvessa
D:6:      minmay_razor_zed, layout_basic, old_standard_altar,
          minmay_misc_feat_nine_boxes, nrook_uturn, uniq_maggie
D:7:      layout_rooms, dancing_weapons_uskayaw, minmay_temple_entry_slanted,
          gammafunk_ghost_abyssal_escape, enter_bailey_4, serial_shops,
          nicolae_shop_trees, nicolae_shop_behind_doors, shop, shop,
          minmay_misc_feat_rows, uniq_pikel
Bailey:   bailey_polearm_2, bailey

Skill      XL: |  1  2  3  4  5  6  7  8  9 |
---------------+----------------------------+-----
Unarmed Combat | 3 4 5 6 7 9 11 12 | 12.0
Dodging        | 3 |  3.8
Invocations    | 5 |  5.4
Fighting       | 4 |  4.1

Action                   |  1- 3 |  4- 6 |  7- 9 | 10-12 || total
-------------------------+-------+-------+-------+-------++-------
Melee: Unarmed           |   111 |   158 |   261 |    23 ||   553
       Punch             |       |     3 |    15 |     1 ||    19
Invok: Depart the Abyss  |     1 |       |       |       ||     1
       Bend Space        |       |       |       |     1 ||     1
  Use: Scroll            |       |       |    19 |       ||    19
 Stab: Sleeping          |     1 |       |     1 |       ||     2
       Distracted        |       |       |     1 |       ||     1
Armor: Robe              |    28 |     9 |       |       ||    37
       Animal skin       |       |    35 |    37 |       ||    72
       Steam dragon scal |       |       |    45 |    27 ||    72
Dodge: Dodged            |    61 |    60 |   115 |    43 ||   279

Table legend: (Time is in decaauts)
 A = Elapsed time spent in this place.
 B = Non-inter-level travel time spent in this place.
 C = Inter-level travel time spent in this place.
 D = Time resting spent in this place.
 E = Time spent auto-exploring this place.
 F = Levels seen in this place.
 G = Mean time per level.
                   A        B        C        D        E       F      G
               +--------+--------+--------+--------+--------+-----+--------+
         Total |   6299 |   6137 |    162 |     52 |   4614 |   9 |  699.9 |
       Dungeon |   6086 |   5924 |    162 |      4 |   4612 |   7 |  869.4 |
         Abyss |     49 |     49 |      0 |      0 |      2 |   1 |   49.0 |
        Bailey |    163 |    163 |      0 |     48 |      0 |   1 |  163.0 |
               +--------+--------+--------+--------+--------+-----+--------+

Top non-repeatable levels by time:
     D:6: 1223 daAuts
     D:5: 1064 daAuts
     D:2: 1056 daAuts
     D:3: 916 daAuts
     D:1: 884 daAuts
     D:4: 714 daAuts
     D:7: 227 daAuts
  Bailey: 163 daAuts
 Abyss:1: 49 daAuts
